Map: Temple of the Past

Players

DonChaote

  • Race: Protoss Protoss
  • Spawn Location: 0:00

NamroodTuo

  • Race: Terran Terran
  • Spawn Location: 0:00

VOD

Have the link to the VOD?

Description

Time

  • Played on: Jan. 22, 2023, 9:31 a.m.
  • Length: 26:30
Show
View Real Time Build Order
Export as new Build Order

DonChaote Protoss 

Build Orders:  

Get SALT Encoding   

  12  0:03  Probe (Chrono Boost)  
  13  0:38  Pylon  
  13  0:46  Pylon  
  13  0:51  Pylon  
  13  0:57  Assimilator  
  13  1:03  Assimilator  
  13  1:16  Probe (Chrono Boost)  
  14  1:29  Probe (Chrono Boost)  
  15  1:43  Probe (Chrono Boost)  
  16  2:04  Gateway  
  16  2:10  Forge  
  16  2:13  Probe (Chrono Boost)  
  17  2:27  Probe (Chrono Boost)  
  18  2:40  Probe (Chrono Boost)  
  19  2:58  Pylon  
  19  3:01  Pylon  
  19  3:18  Photon Cannon  
  19  3:22  Photon Cannon  
  19  3:48  Photon Cannon  
  19  4:22  Photon Cannon  
  19  4:24  Photon Cannon  
  19  4:26  Photon Cannon  
  19  4:49  Photon Cannon  
  19  4:52  Photon Cannon  
  19  5:19  Cybernetics Core  
  19  5:26  Probe (Chrono Boost)  
  20  5:40  Probe (Chrono Boost)  
  20  5:49  Pylon  
  21  5:54  Probe (Chrono Boost)  
  21  5:58  Protoss Shields Level 1  
  22  6:08  Probe (Chrono Boost)  
  23  6:17  Pylon  
  23  6:23  Probe (Chrono Boost)  
  24  7:36  Warp Gate  
  24  7:43  Probe (Chrono Boost)  
  26  8:00  Probe (Chrono Boost)  
  26  8:02  Death Council  
  26  8:13  Gateway  
  26  8:17  Probe (Chrono Boost), Gateway  
  27  8:22  Gateway  
  27  8:34  Probe (Chrono Boost)  
  28  9:46  Robotics Facility  
  28  9:49  Robotics Facility  
  28  9:54  Robotics Facility  
  28  9:58  Robotics Facility  
  28  10:11  Photon Cannon  
  28  10:12  Photon Cannon  
  28  10:15  Photon Cannon  
  28  11:17  Photon Cannon  
  28  11:18  Photon Cannon  
  28  11:25  Photon Cannon  
  28  11:27  Photon Cannon  
  28  11:30  Photon Cannon  
  28  11:32  Photon Cannon  
  28  12:45  Robotics Bay  
  28  12:53  Photon Cannon  
  28  12:54  Photon Cannon  
  28  12:57  Photon Cannon  
  28  12:59  Photon Cannon  
  28  13:01  Photon Cannon  
  28  13:10  Protoss Shields Level 2  
  28  13:32  Photon Cannon  
  28  13:33  Photon Cannon  
  28  13:50  Blood Shields  
  28  13:56  Rapid Power Cycling  
  90  14:50  Soul Augmentation  
  28  14:56  Aerial Tracking  
  28  15:51  Protoss Air Weapons Level 1, Protoss Ground Weapons Level 1  
  28  15:56  Matter Dispersion  
  28  16:19  Phasing Armor  
  28  16:31  Wraithwalker  
  28  16:32  Wraithwalker x3  
  52  16:56  Fusion Mortars  
  52  17:49  Phase Blink  
  52  18:01  Protoss Ground Armor Level 1, Protoss Air Armor Level 1  
  52  18:05  Wraithwalker x3  
  70  18:22  Pylon  
  70  18:24  Pylon  
  70  18:25  Pylon  
  70  18:28  Pylon  
  70  18:30  Pylon  
  70  18:32  Pylon  
  70  18:35  Pylon  
  70  18:47  Wraithwalker  
  76  19:58  Vanguard  
  76  19:59  Vanguard x2  
  88  20:02  Vanguard  
  92  22:23  Protoss Shields Level 3  
  92  22:50  Wraithwalker x3  
  92  22:51  Wraithwalker  
Show
View Real Time Build Order
Export as new Build Order

NamroodTuo Terran 

Build Orders:  

Get SALT Encoding   

  12  0:11  SCV  
  13  0:25  SCV  
  14  0:34  Factory  
  14  0:38  SCV  
  15  0:50  Supply Depot  
  9  1:20  SCV  
  16  1:33  SCV  
  17  1:46  Perdition Turret  
  17  1:50  SCV  
  18  2:04  SCV  
  18  2:09  Perdition Turret  
  19  2:17  SCV  
  20  2:22  Devastation Turret  
  20  2:31  SCV  
  20  2:34  Supply Depot  
  21  2:44  SCV  
  21  2:48  Perdition Turret  
  22  2:58  SCV  
  22  2:59  Devastation Turret  
  23  3:12  SCV  
  23  3:14  Devastation Turret  
  23  3:15  Supply Depot  
  24  3:25  SCV  
  25  3:37  Devastation Turret  
  25  3:39  SCV  
  26  3:52  Perdition Turret  
  26  3:53  Perdition Turret x2  
  26  4:07  Engineering Bay  
  26  4:10  SCV, Armory  
  26  4:16  Refinery  
  27  4:23  SCV  
  27  4:24  Refinery  
  28  4:42  SCV  
  29  4:55  SCV  
  30  5:09  SCV  
  31  5:10  Perdition Turret x2  
  31  5:11  Perdition Turret  
  31  5:22  SCV  
  32  5:36  SCV  
  32  5:39  Regenerative Bio-Steel  
  33  5:50  SCV  
  34  6:03  SCV  
  35  6:17  SCV, Perdition Turret  
  35  6:19  Devastation Turret  
  36  6:30  SCV  
  37  6:41  Devastation Turret  
  37  6:44  SCV, Perdition Turret  
  38  6:57  SCV  
  39  7:08  Perdition Turret  
  39  7:23  Supply Depot  
  39  7:25  Advanced Optics  
  39  7:37  SCV  
  40  7:48  Spinning Dizzy  
  40  7:51  SCV  
  40  7:59  Spinning Dizzy  
  41  8:04  Command Center  
  41  8:13  Perdition Turret x2  
  41  8:14  Perdition Turret  
  41  8:44  Structure Armor  
  41  9:07  Perdition Turret, Devastation Turret  
  41  9:13  SCV  
  42  9:25  Terran Vehicle and Ship Weapons Level 1  
  42  9:26  SCV  
  43  9:35  Devastation Turret  
  43  9:40  SCV  
  43  9:42  Perdition Turret x3  
  43  9:43  Hi-Sec Auto Tracking  
  43  9:44  Perdition Turret x2  
  43  9:45  Perdition Turret  
  43  9:46  Devastation Turret  
  44  9:51  Perdition Turret x2  
  44  9:53  SCV  
  44  9:57  Perdition Turret  
  45  10:07  SCV  
  46  10:11  Devastation Turret  
  46  10:38  Devastation Turret  
  46  10:51  Perdition Turret  
  46  10:57  SCV  
  46  10:59  Perdition Turret  
  44  11:11  SCV  
  44  11:16  Devastation Turret  
  44  11:24  SCV  
  45  11:38  SCV  
  46  11:41  Starport  
  46  11:45  SCV  
  46  11:47  Perdition Turret  
  47  11:51  SCV  
  47  11:59  SCV, Devastation Turret  
  49  12:01  Devastation Turret  
  49  12:05  SCV, Terran Vehicle And Ship Armor Level 1  
  50  12:12  SCV  
  50  12:18  Spinning Dizzy  
  50  12:19  SCV, Spinning Dizzy  
  52  12:31  Spinning Dizzy  
  52  12:32  SCV  
  52  12:39  Perdition Turret  
  53  12:40  Spinning Dizzy  
  53  12:46  SCV  
  54  12:50  Perdition Turret x2  
  54  12:51  Perdition Turret  
  54  12:52  Devastation Turret  
  54  12:53  Perdition Turret  
  54  12:55  Perdition Turret  
  54  12:56  Perdition Turret x2, Devastation Turret  
  54  12:58  Perdition Turret  
  54  12:59  SCV  
  54  13:04  Refinery  
  54  13:05  Spinning Dizzy  
  54  13:06  Perdition Turret  
  54  13:09  Refinery  
  55  13:13  SCV  
  55  13:17  Starport  
  55  13:18  SCV  
  57  13:24  Perdition Turret x2, Spinning Dizzy  
  57  13:25  Perdition Turret  
  57  13:26  SCV  
  57  13:27  Supply Depot  
  57  13:28  Perdition Turret  
  58  13:32  SCV  
  58  13:37  Devastation Turret  
  59  13:40  SCV  
  59  13:42  Devastation Turret  
  59  13:45  SCV, Supply Depot  
  61  13:59  SCV  
  62  14:03  Starport, Starport Tech Lab  
  62  14:10  Supply Depot  
  62  14:11  Starport Tech Lab  
  62  14:28  Supply Depot  
  62  14:30  Wraith  
  64  14:42  Supply Depot  
  64  14:45  Terran Vehicle and Ship Weapons Level 2  
  64  14:53  Supply Depot  
  64  15:04  Supply Depot  
  64  15:10  Wraith  
  64  15:14  SCV  
  67  15:27  SCV  
  68  15:36  Devastation Turret  
  63  15:41  SCV  
  63  15:46  Devastation Turret  
  63  15:49  Wraith  
  60  15:54  SCV  
  63  16:08  SCV  
  64  16:14  Devastation Turret  
  64  16:27  Wraith  
  64  16:29  Wraith  
  70  16:41  Science Vessel  
  70  16:53  Devastation Turret  
  70  17:07  Wraith  
  70  17:09  Wraith  
  74  17:29  Science Vessel  
  76  17:47  Wraith  
  76  17:49  Wraith  
  80  18:17  Science Vessel  
  82  18:27  Wraith  
  82  18:29  Wraith  
  82  18:35  Terran Vehicle And Ship Armor Level 2  
  82  18:38  Upgrade Laser Drill Level 1  
  78  18:44  Pulse Amplifier  
  78  18:48  Improved Nano-Repair  
  70  18:55  Perdition Turret  
  70  18:57  Perdition Turret  
  70  19:05  Science Vessel  
  70  19:06  Perdition Turret  
  70  19:07  Wraith  
  70  19:09  Wraith  
  74  19:42  SCV  
  74  19:47  Wraith  
  74  19:49  Wraith  
  79  19:53  Science Vessel  
  79  19:55  SCV  
  82  20:06  Devastation Turret x2  
  82  20:09  SCV  
  83  20:22  SCV  
  83  20:27  Wraith, Devastation Turret  
  83  20:29  Wraith  
  88  20:33  Devastation Turret  
  88  20:36  SCV  
  89  20:41  Wraith  
  89  20:49  Perdition Turret x2, Devastation Turret  
  91  20:50  Perdition Turret  
  91  21:02  Perdition Turret x2  
  91  21:05  Perdition Turret x2  
  91  21:07  Wraith  
  91  21:08  Devastation Turret  
  91  21:09  Wraith  
  94  21:11  Devastation Turret  
  94  21:21  Wraith  
  96  21:45  Terran Vehicle and Ship Weapons Level 3  
  96  21:46  Wraith  
  96  21:49  Wraith  
  98  22:01  Wraith  
  99  22:26  Wraith  
  99  22:29  Wraith  
  103  22:41  Wraith  
  105  23:06  Wraith  
  105  23:09  Wraith  
  107  23:20  Perdition Turret x2  
  107  23:21  Science Vessel  
  105  23:46  Wraith  
  105  23:49  Science Vessel  
  89  24:09  Science Vessel  
  89  24:26  Wraith  
  91  24:37  Science Vessel  
  93  24:57  Science Vessel  
  95  25:00  Devastation Turret  
  95  25:03  Devastation Turret  
  95  25:05  Devastation Turret  
  95  25:06  Wraith, Devastation Turret  
  95  25:09  Devastation Turret  
  97  25:18  Perdition Turret x2  
  97  25:22  Perdition Turret  
  97  25:23  Perdition Turret  
  97  25:25  Perdition Turret, Wraith  
  97  25:35  Perdition Turret x2, Devastation Turret  
  96  25:41  Devastation Turret  
  96  25:43  Devastation Turret  
Tags
 
Commander
AlarakSwann
Matchup
Co-op
Replay Pack
Multiplayer
Add a new tag
Caveats
  • Supply blocks, unpowered buildings, or Contaminate may cause inaccurate times.
  • Supply counts are checked every 10 seconds.